cohdb
Replays
Latest Replays
All Replays
Popular Replays
Top Player Replays
Match Explorer
How It Works
Community
CoH3 Stats
Reddit
Sign in to upload your games and track your stats! →
Sign in with Steam
Match 41023108
Unlisted
Match 41023108
Overview
Messages
Build Orders
End
Kradschützen Motorcycle Team
Panzergrenadier Squad
Selects Italian Combined Arms Battlegroup
Selects Bersaglieri Squad
Bersaglieri Squad
Construct Light Support Kompanie
MG34 Team
Selects Bersaglieri Bolster
2.5-tonne Medical Truck
Assault Mechanized Group
Combat Half-tracks
Selects Breda Model 30 Light Machine Guns
Bersaglieri Squad
Construct Mechanized Kompanie
Bersaglieri Squad
Fredster
JINGER
BatmansDad
Genki
0
0
Comments
sign in to comment!
No comments posted yet!